 Dungeon Crawl Stone Soup version 0.26.1-11-gd32895ea62 (webtiles) character file.

Game seed: 8459911113096597291

3965 H0rd4k the Martial Artist (level 10, 0/61 HPs)
             Began as an Octopode Transmuter on July 14, 2021.
             Slain by an elephant (1 damage)
             ... while petrified by a basilisk
             ... on level 8 of the Dungeon.
             The game lasted 00:13:48 (10687 turns).

H0rd4k the Martial Artist (Octopode Transmuter)    Turns: 10687, Time: 00:13:48

Health: 0/61       AC:  9    Str: 11    XL:     10   Next: 22%
Magic:  16/20      EV:  2    Int: 18    God:
Gold:   359        SH:  0    Dex: 12    Spells: 18/22 levels left

rFire    . . .     SeeInvis .     - Unarmed
rCold    + . .     Faith    .   (no shield)
rNeg     + + +     Spirit   .   (helmet restricted)
rPois    ∞         Reflect  .   u - amulet of the acrobat
rElec    .         Harm     .   t - +4 ring of protection
rCorr    +         Rampage  .   B - +4 ring of protection
Will     .....                  x - ring of resist corrosion
Stlth    ++........             F - ring of protection from cold
HPRegen  0.20/turn              (no ring)
MPRegen  0.17/turn              (no ring)
                                (no ring)
                                (no ring)

@: petrified
A: almost no armour, stealthy swim, amphibious, 8 rings, constrict 8, camouflage
1, gelatinous body 1
a: no special abilities


You were on level 8 of the Dungeon.
You visited 2 branches of the dungeon, and saw 9 of its levels.
You also visited: Ossuary.

You collected 359 gold pieces.

Inventory:

Magical Staves
 y - an uncursed staff of earth {unknown}
Jewellery
 t - a +4 ring of protection (left tentacle)
 u - an amulet of the acrobat (around mantle)
 x - a ring of resist corrosion (on tentacle)
 B - a +4 ring of protection (right tentacle)
 F - a ring of protection from cold (on tentacle)
Wands
 r - a wand of random effects (6)
 D - a wand of flame (12)
Scrolls
 a - 2 scrolls of magic mapping {unknown}
 b - 2 scrolls of random uselessness {unknown}
 e - 4 scrolls of identify
 f - 5 scrolls of enchant weapon {unknown}
 i - 3 scrolls of fear {unknown}
 n - 2 scrolls of immolation {unknown}
 o - 4 scrolls of remove curse {unknown}
 p - 2 scrolls of teleportation {unknown}
 q - 5 scrolls of fog {unknown}
 v - 3 scrolls of amnesia {unknown}
 w - 2 scrolls of enchant armour {unknown}
 G - a scroll of blinking {unknown}
Potions
 c - 4 potions of attraction
 d - 2 potions of ambrosia
 g - a potion of lignification {unknown}
 h - 10 potions of curing
 j - 3 potions of heal wounds {unknown}
 k - 3 potions of mutation
 l - 2 potions of degeneration
 m - 3 potions of berserk rage
 s - a potion of invisibility {unknown}
 z - 3 potions of might {unknown}
 A - a potion of magic {unknown}
 C - a potion of brilliance {unknown}
 E - a potion of haste {unknown}


   Skills:
 + Level 2.6 Fighting
 + Level 5.3 Dodging
 + Level 9.3 Unarmed Combat
 * Level 6.6 Spellcasting
 * Level 6.8 Transmutations
 - Level 2.7 Poison Magic
 + Level 0.8 Evocations


You had 18 spell levels left.
You knew the following spells:

 Your Spells              Type           Power        Failure   Level
a - Beastly Appendage     Tmut           60%          1%          1
b - Spider Form           Tmut/Pois      11%          4%          3

Your spell library contained the following spells:

 Spells                   Type           Power        Failure   Level
 Sting                    Tmut/Pois      92%          1%          1
 Wereblood                Tmut           30%          1%          2
 Ignite Poison            Fire/Tmut/Pois 17%          9%          3
 Poisonous Vapours        Pois/Air       20%          10%         2
 Animate Skeleton         Necr           12%          11%         1
 Pain                     Necr           24%          11%         1
 Blade Hands              Tmut           15%          19%         5
 Mephitic Cloud           Conj/Pois/Air  9%           22%         3
 Ice Form                 Ice/Tmut       18%          26%         4
 Vampiric Draining        Necr           3%           32%         3
 Olgreb's Toxic Radiance  Pois           15%          34%         4
 Animate Dead             Necr           3%           73%         4
 Agony                    Necr           6%           97%         5


Dungeon Overview and Level Annotations

Branches:
Dungeon (8/15)             Temple (1/1) D:4            Lair (0/6) D:8
Ossuary (visited)

Altars:
Ashenzari
Cheibriados
Dithmenos
Elyvilon
Fedhas
Hepliaklqana
Kikubaaqudgha
Makhleb
Nemelex Xobeh
Okawaru
Qazlal
Ru
Sif Muna
Trog
Uskayaw
Vehumet
Wu Jian
Xom
Yredelemnul
Zin
The Shining One

Shops:
D:6 :=

Annotations:
D:3 1 exclusion
D:5 exclusion: downstairs
D:7 1 runed translucent door, exclusions: door and downstairs, tamionv's ghost, novice FoFi


Innate Abilities, Weirdness & Mutations

You cannot wear most types of armour.
You are very stealthy in the water. (Stealth+)
You are amphibious.
You can wear up to eight rings at the same time.
You can use your tentacles to constrict eight enemies at once.
Your skin changes colour to match your surroundings (Stealth+).
Your rubbery body absorbs attacks. (AC +1, EV +1)


Message History

The elephant tramples you!
You hold your ground!
The elephant trunk-slaps you. The basilisk gazes at you.
The elephant tramples you!
You hold your ground!
The elephant trunk-slaps you but does no damage.
The elephant tramples you!
* * * LOW HITPOINT WARNING * * *
You hold your ground!
The elephant trunk-slaps you.
* * * LOW HITPOINT WARNING * * *
The basilisk bites you!!
* * * LOW HITPOINT WARNING * * *
The elephant tramples you.
* * * LOW HITPOINT WARNING * * *
You hold your ground!
The elephant trunk-slaps you but does no damage.
The basilisk gazes at you.
Your magical contamination has completely faded away.
The elephant tramples you!
* * * LOW HITPOINT WARNING * * *
You hold your ground!
The elephant trunk-slaps you.
You die...

.....#............###.#....# #
.....#..(......#.####.....####
##.....<.......#.....>.....#..
.##...................>.......
#......................#...#
#............##..........###
#......#...####............#
#...#####.Yl.##.........##..
#... ##.@..##.###...>.... #...
####...............
#...##########...######.....
.........................
##.............(#####....
#................# #....
#.........†......# #....
#................# #####
#................#


You could see an elephant and a basilisk.

Vanquished Creatures
  A two-headed ogre (D:7)
  Pikel (D:4)
  Prince Ribbit (D:6)
  Grinder (D:5)
  Sigmund (D:2)
  Eustachio (D:6)
  Edmund (D:4)
  Menkaure (D:5)
  Duvessa (D:4)
  2 black bears
  A phantom (D:7)
  2 ogres
  A centaur (D:6)
  4 lemures (D:4)
  Dowan (D:4)
  7 scorpions
  A howler monkey (D:6)
  A centaur zombie (Ossuary)
  2 human zombies (Ossuary)
  An orc priest (D:7)
  A jelly (D:8)
  3 orc wizards
  A centaur skeleton (D:8)
  2 iguanas
  7 worker ants
  2 big kobold zombies (Ossuary)
  A hound zombie (D:6)
  3 mummies (Ossuary)
  A howler monkey zombie (D:5)
  Robin (D:3)
  4 gnolls
  7 scorpion zombies (Ossuary)
  10 adders
  2 shadow imps
  A white imp (D:7)
  2 oozes
  5 worms
  2 dart slugs (D:1)
  3 leopard geckos
  22 orcs
  4 giant cockroaches
  14 goblins
  10 hobgoblins
  6 jackals
  7 kobolds
  6 quokkas
  8 bats
  4 frilled lizards
  3 goblin zombies (Ossuary)
  4 hobgoblin zombies (Ossuary)
  3 kobold zombies (Ossuary)
  10 rats
191 creatures vanquished.

Vanquished Creatures (others)
  A scorpion (Ossuary)
1 creature vanquished.

Grand Total: 192 creatures vanquished

Notes
Turn   | Place    | Note
-------+----------+-------------------------------------------
     0 | D:1      | H0rd4k the Octopode Transmuter began the quest for the Orb.
     0 | D:1      | Reached XP level 1. HP: 13/13 MP: 3/3
   176 | D:1      | Reached XP level 2. HP: 15/18 MP: 3/5
   522 | D:1      | Reached XP level 3. HP: 19/23 MP: 6/6
   529 | D:1      | Learned a level 3 spell: Spider Form
  1569 | D:2      | Reached skill level 4 in Unarmed Combat
  1569 | D:2      | Reached XP level 4. HP: 13/28 MP: 6/8
  1731 | D:2      | Noticed Sigmund
  1738 | D:2      | You fall into a shaft and drop 2 floors!
  2177 | D:2      | Found a basalt altar of Yredelemnul.
  2183 | D:2      | Found a broken altar of Ashenzari.
  2207 | D:2      | Reached skill level 1 in Poison Magic
  2331 | D:2      | Killed Sigmund
  2332 | D:2      | Reached XP level 5. HP: 30/33 MP: 6/9
  2332 | D:2      | Reached XP level 6. HP: 35/38 MP: 6/10
  2654 | D:3      | Reached skill level 5 in Unarmed Combat
  3244 | D:3      | Noticed Robin
  3249 | D:3      | Killed Robin
  3929 | D:4      | Noticed Edmund
  3955 | D:4      | Killed Edmund
  3955 | D:4      | Noticed Dowan
  3956 | D:4      | Reached XP level 7. HP: 19/44 MP: 6/12
  4048 | D:4      | Noticed Duvessa
  4169 | D:4      | Killed Duvessa
  4185 | D:4      | Killed Dowan
  4186 | D:4      | Reached skill level 6 in Unarmed Combat
  4586 | D:4      | Noticed Pikel
  4828 | D:4      | Killed Pikel
  4829 | D:4      | Reached XP level 8. HP: 13/50 MP: 7/14
  5293 | D:4      | Found a staircase to the Ecumenical Temple.
  5363 | D:5      | Entered Level 5 of the Dungeon
  5444 | Temple   | Entered the Ecumenical Temple
  6092 | D:5      | Noticed Grinder
  6104 | D:5      | Killed Grinder
  6105 | D:5      | Reached skill level 7 in Unarmed Combat
  6244 | D:5      | Noticed Menkaure
  6255 | D:5      | Killed Menkaure
  6532 | D:5      | Reached skill level 5 in Spellcasting
  6884 | D:5      | Found a shimmering altar of Xom.
  6884 | D:5      | Found a radiant altar of Vehumet.
  6891 | D:5      | Found a sacrificial altar of Ru.
  6893 | D:5      | Found a hide-covered altar of Uskayaw.
  6895 | D:5      | Found a shimmering blue altar of Sif Muna.
  6949 | D:6      | Found Erreseal's Jewellery Boutique.
  7004 | D:6      | Noticed Eustachio
  7142 | D:6      | Killed Eustachio
  7143 | D:6      | Reached skill level 5 in Transmutations
  7143 | D:6      | Reached XP level 9. HP: 53/55 MP: 13/16
  7623 | D:6      | Found an ornate altar of the Wu Jian Council.
  7666 | D:6      | Found Wiemumim's Book Emporium.
  7680 | D:6      | Noticed Prince Ribbit
  7689 | D:6      | Killed Prince Ribbit
  7690 | D:6      | Reached skill level 8 in Unarmed Combat
  7975 | D:6      | Found a glowing silver altar of Zin.
  8090 | D:7      | Found a stormy altar of Qazlal.
  8153 | D:7      | Found a sand-covered staircase.
  8169 | Ossuary  | Entered an ossuary
  9436 | D:7      | Found a runed translucent door.
  9439 | D:7      | Noticed tamionv's ghost (novice FoFi)
  9511 | D:7      | Reached skill level 5 in Dodging
  9792 | D:8      | Found a blossoming altar of Fedhas.
  9796 | D:8      | Found an ancient bone altar of Kikubaaqudgha.
  9848 | D:8      | Found a staircase to the Lair.
  9848 | D:8      | Noticed an elephant
  9964 | D:8      | Noticed a two-headed ogre
  9997 | D:7      | Killed a two-headed ogre
  9998 | D:7      | Reached skill level 9 in Unarmed Combat
  9998 | D:7      | Reached XP level 10. HP: 17/61 MP: 19/19
 10687 | D:8      | HP: 1/61 [elephant (6)]
 10687 | D:8      | Slain by an elephant

Illustrated notes

Levels and vault maps discovered:
D:1:      kennysheep_arrival_seaside, layout_basic
D:2:      layout_rooms, grunt_temple_overflow_open, uniq_sigmund
D:3:      minmay_octagon_keep, layout_loops_ring, corexii_corridor_pit,
          lemuel_flame_loot_1, uniq_robin
D:4:      layout_rooms, temple_doors_cd, uniq_edmund, uniq_duvessa, uniq_pikel
D:5:      layout_loops_ring, chequers_temple_overflow_minitemple, uniq_menkaure,
          uniq_grinder
D:6:      layout_cave_pools, nzn_wu_jian_contemplation, kennysheep_mini,
          serial_shops, shop, shop_statue, uniq_eustachio, uniq_prince_ribbit1
D:7:      layout_basic, nicolae_qazlal_eye_of_the_storm,
          chequers_ossuary_entry_cave, ebering_ghost_reflecting_pool,
          minmay_misc_feat_rows
D:8:      layout_rooms, grunt_temple_overflow_growth_and_decay,
          david_lair_generic, ebering_ghost_gozag
Temple:   jpeg_temple_island

Skill      XL: |  1  2  3  4  5  6  7  8  9 |
---------------+----------------------------+-----
Unarmed Combat | 4 5 6 7 9 |  9.3
Poison Magic   | 2 |  2.7
Spellcasting   | 3 4 5 6 |  6.6
Transmutations | 3 4 5 6 |  6.8
Dodging        | 3 4 5 |  5.3
Fighting       | 2 |  2.6
Evocations     | |  0.8

Action                   |  1- 3 |  4- 6 |  7- 9 | 10-12 || total
-------------------------+-------+-------+-------+-------++-------
Melee: Unarmed           |    79 |   160 |   330 |    23 ||   592
       Constrict         |    25 |    27 |    23 |     4 ||    79
       Tentacles         |     9 |    11 |    14 |     2 ||    36
       Punch             |     3 |     5 |     6 |       ||    14
 Cast: Spider Form       |     1 |     8 |    37 |     2 ||    48
Evoke: Wand              |       |       |     4 |       ||     4
  Use: Scroll            |       |     3 |     2 |       ||     5
       Potion            |       |     1 |       |       ||     1
 Stab: Sleeping          |     3 |     8 |     5 |       ||    16
       Distracted        |       |       |     1 |     1 ||     2
       Paralysed         |       |       |     3 |       ||     3
Armor: Skin              |     2 |    23 |    22 |    12 ||    59
Dodge: Dodged            |    49 |   149 |   229 |    39 ||   466
